 Dungeon Crawl Stone Soup version 0.21.1-1-g345015fe64 (webtiles) character file.

12040 RepoMan the Unseen (level 12, -11/73 HPs)
             Began as a Kobold Assassin on Apr 22, 2018.
             Was an Elder of Dithmenos.
             Killed from afar by a frost giant (18 damage)
             ... with a bolt of cold
             ... in an ice cave.
             The game lasted 01:50:43 (11016 turns).

RepoMan the Unseen (Kobold Assassin)               Turns: 11016, Time: 01:50:44

Health: -11/73     AC:  6    Str:  9    XL:     12   Next: 15%
Magic:  8/18       EV: 22    Int: 13    God:    Dithmenos [****..]
Gold:   411        SH:  0    Dex: 20    Spells: 14/20 levels left

rFire    . . .     SeeInvis .   q - +1 dagger (elec)
rCold    + . .     Gourm    .   (shield restricted)
rNeg     . . .     Faith    .   l - +0 troll leather armour {Purgy}
rPois    .         Spirit   .   (no helmet)
rElec    .         Reflect  .   v - +0 cloak
rCorr    .         Harm     .   c - +0 pair of gloves
MR       .....                  (no boots)
Stlth    +++++++++.             f - amulet of rage
HPRegen  0.62/turn              Q - ring of protection from cold
MPRegen  0.16/turn              R - ring of wizardry

@: berserk cooldown, wreathed by umbra
A: small, carnivore
a: Shadow Step, Renounce Religion, Evoke Berserk Rage


You were in an ice cave.
You worshipped Dithmenos.
Dithmenos was greatly pleased with you.
You were very full.

You visited 2 branches of the dungeon, and saw 11 of its levels.
You also visited: Sewer and Ice Cave.

You collected 570 gold pieces.
You spent 159 gold pieces at shops.

Inventory:

Hand Weapons
 a - a +4 dagger
 b - a +0 blowgun
 i - a +3 quick blade
 q - a +1 dagger of electrocution (weapon)
 A - a +0 rapier
 G - a +1 dagger of venom
Missiles
 e - 19 poisoned needles
 N - a throwing net (quivered)
Armour
 c - a +0 pair of gloves (worn)
 l - a +0 troll leather armour (worn) {Purgy}
 v - a +0 cloak (worn)
 w - a +2 ring mail of positive energy
 y - a +0 leather armour of magic resistance
 z - a +1 ring mail of fire resistance
Magical Staves
 m - an uncursed staff of poison
Jewellery
 f - an amulet of rage (around neck)
 B - an uncursed ring of protection from magic
 D - an uncursed ring of resist corrosion
 F - an uncursed ring of see invisible
 Q - a ring of protection from cold (left hand)
 R - a ring of wizardry (right hand)
Wands
 O - a wand of iceblast (7)
 P - a wand of paralysis (9)
 S - a wand of acid (12)
Scrolls
 d - 2 scrolls of remove curse
 j - 4 scrolls of fog
 o - 2 scrolls of magic mapping
 r - a scroll of silence {unknown}
 t - 4 scrolls of teleportation
 C - a scroll of identify
 H - 2 scrolls of acquirement
 I - 2 scrolls of enchant armour {unknown}
 J - a scroll of amnesia
Potions
 h - a potion of cancellation
 p - a potion of magic
 s - 5 potions of curing
 u - 3 potions of haste
 x - a potion of lignification
Books
 K - a book of Maledictions

   Spells                             Type                      Level
   a - Corona                         Hexes                        1
   b - Ensorcelled Hibernation        Hexes/Ice                    2
   c - Confuse                        Hexes                        3
   d - Tukima's Dance                 Hexes                        3
   e - Dazzling Spray                 Conjuration/Hexes            3
 L - a book of Party Tricks

   Spells                             Type                      Level
   a - Summon Butterflies             Summoning                    1
   b - Apportation                    Translocation                1
   c - Lesser Beckoning               Translocation                3
   d - Tukima's Dance                 Hexes                        3
   e - Alistair's Intoxication        Transmutation/Poison         5
   f - Invisibility                   Hexes                        6
 U - a book of Callings

   Spells                             Type                      Level
   a - Summon Small Mammal            Summoning                    1
   b - Call Imp                       Summoning                    2
   c - Call Canine Familiar           Summoning                    3
   d - Summon Guardian Golem          Hexes/Summoning              3
   e - Summon Lightning Spire         Summoning/Air                4
   f - Summon Ice Beast               Ice/Summoning                4
Comestibles
 g - 16 rations


   Skills:
 + Level 8.1 Fighting
 + Level 10.6 Short Blades
 - Level 2.1 Throwing
 + Level 9.4 Dodging
 * Level 15.7 Stealth
 + Level 4.5 Spellcasting
 + Level 3.6 Hexes
 - Level 2.5 Translocations


You had 14 spell levels left.
You knew the following spells:

 Your Spells              Type           Power        Failure   Level  Hunger
a - Apportation           Tloc           #.....       4%          1    None
c - Confuse               Hex            ##......     8%          3    ###....
z - Ensorcelled Hibernat  Hex/Ice        #.....       9%          2    ##.....


Dungeon Overview and Level Annotations

Branches:
Dungeon (12/15)            Temple (1/1) D:6            Lair (0/6) D:9
    Orc: D:9-12

Altars:
Ashenzari
Cheibriados
Dithmenos
Elyvilon
Fedhas
Gozag
Hepliaklqana
Kikubaaqudgha
Makhleb
Nemelex Xobeh
Okawaru
Qazlal
Ru
Sif Muna
Trog
Uskayaw
Vehumet
Wu Jian
Xom
Yredelemnul
Zin
The Shining One

Shops:
D:4 ?


Innate Abilities, Weirdness & Mutations

You are small and have problems with some larger weapons.
You are carnivorous and can eat meat at any time.


Message History

You are exhausted.
You feel yourself slow down.
Unknown command.
As you read the scroll of fear, it crumbles to dust.
You assume a fearsome visage.
The frost giant resists with almost no effort.
The frost giant points at you and mumbles some strange words.
Helpless, you fail to dodge the bolt of cold.
You resist.
* * * LOW HITPOINT WARNING * * *
Your magical effects are unravelling.
You feel magically purged.
You feel less wooden.
Your +0 cloak unmelds from your body.
Your +0 pair of gloves unmelds from your body.
Your +0 troll leather armour {Purgy} unmelds from your body.
You feel yourself speed up. The frost giant casts a spell at you.
The bolt of cold hits you! You resist.
You die...

*,** #.#.#.#. **,*
##.#####. *.#* #.##
##. **.## ##.####..
*#.## ##.##..# ##..##
##.##.## #....#
#.##..# #....##
##.##.## ###.@...#
#.###..## #..C....##
##.###...# #$.......#
#≈##?.#...
#....##..###.###.#÷..
#...####..##.#≈.###..
#$..,* ##...†#≈##≈#..
#)..,* ##.##≈≈#≈≈##.
#.|.** ###≈≈≈≈≈≈##.
#=,,******##≈≈≈≈≈##.#


You could see a frost giant.

Vanquished Creatures
  A two-headed ogre (D:9)
  A death yak (IceCv)
  The ghost of DarkMoon the Fighter, a novice DrTm of Nemelex Xobeh (D:5)
  An ice statue (IceCv)
  A rime drake (IceCv)
  12 polar bears (IceCv)
  A wyvern (D:9)
  18 yaks
  Eustachio (D:5)
  Menkaure (D:6)
  Edmund (D:6)
  2 hell hounds (D:9)
  2 ice beasts (D:5)
  Purgy (Sewer)
  3 sky beasts
  2 ogres
  16 wolves (IceCv)
  A phantom (D:5)
  5 centaurs
  4 bullfrogs
  A big kobold (D:9)
  2 scorpions
  2 vampire bats (D:5)
  A howler monkey (D:6)
  A bullfrog zombie (D:7)
  A crimson imp (D:6)
  2 centaur zombies
  5 hounds
  A quasit (D:6)
  2 centaur skeletons
  5 orc priests
  A jelly (D:5)
  A bullfrog skeleton (D:7)
  2 orc wizards
  Natasha (thrice) (D:4)
  An iguana (D:9)
  4 worker ants
  A bullfrog simulacrum (D:12)
  3 gnolls (D:7)
  7 adders
  A river rat (D:4)
  4 shadow imps
  17 white imps (D:12)
  An adder skeleton (D:8)
  5 worms
  4 dart slugs
  5 leopard geckos
  18 orcs
  6 ball pythons
  5 bat skeletons (D:5)
  A bat zombie (D:5)
  3 giant cockroaches
  9 goblins
  5 hobgoblins
  4 jackals (D:2)
  16 kobolds
  4 quokkas
  7 bats
  10 frilled lizards
  2 giant cockroach zombies
  A jackal zombie (D:5)
  A leopard gecko skeleton (D:4)
  9 rats
259 creatures vanquished.

Vanquished Creatures (others)
  2 polar bears (IceCv)
  A wolf (IceCv)
3 creatures vanquished.

Grand Total: 262 creatures vanquished

Notes
Turn   | Place    | Note
-------+----------+-------------------------------------------
     0 | D:1      | RepoMan the Kobold Assassin began the quest for the Orb.
     0 | D:1      | Reached XP level 1. HP: 12/12 MP: 1/1
   323 | D:1      | Reached XP level 2. HP: 15/17 MP: 2/2
   857 | D:1      | Reached skill level 6 in Stealth
   857 | D:1      | Reached XP level 3. HP: 21/21 MP: 3/3
  1873 | D:2      | Reached XP level 4. HP: 26/26 MP: 4/4
  2482 | D:3      | Found a shadowy altar of Dithmenos.
  2495 | D:3      | Reached skill level 7 in Stealth
  2495 | D:3      | Reached XP level 5. HP: 30/30 MP: 5/5
  2499 | D:3      | Became a worshipper of Dithmenos the Shadowed
  3800 | D:3      | Found a sparkling altar of Nemelex Xobeh.
  3943 | D:4      | Reached XP level 6. HP: 14/35 MP: 6/6
  4009 | D:4      | Reached * piety under Dithmenos
  4136 | D:4      | Found a glowing drain.
  4306 | Sewer    | Entered a sewer
  4419 | Sewer    | Noticed Purgy
  4470 | Sewer    | Reached skill level 8 in Stealth
  4490 | Sewer    | Killed Purgy
  4625 | D:4      | Reached skill level 5 in Short Blades
  4625 | D:4      | Reached XP level 7. HP: 40/40 MP: 7/7
  4752 | D:4      | Found Giat's Magic Scroll Shop.
  4777 | D:4      | Bought a scroll of identify for 22 gold pieces
  4777 | D:4      | Bought 3 scrolls of identify for 66 gold pieces
  4777 | D:4      | Bought a scroll of remove curse for 33 gold pieces
  4789 | D:4      | Found an iron altar of Okawaru.
  4861 | D:4      | Reached skill level 9 in Stealth
  4863 | D:4      | Noticed Natasha
  4870 | D:4      | Killed Natasha
  5044 | D:4      | Noticed Natasha
  5053 | D:4      | Killed Natasha
  5176 | D:4      | Bought a scroll of immolation for 38 gold pieces
  5201 | D:5      | Entered Level 5 of the Dungeon
  5201 | D:5      | Noticed DarkMoon's ghost (novice DrTm)
  5247 | D:5      | Found a shimmering altar of Xom.
  5294 | D:4      | Noticed Natasha
  5316 | D:4      | Killed Natasha
  5436 | D:5      | Killed DarkMoon's ghost
  5436 | D:5      | Reached skill level 5 in Dodging
  5436 | D:5      | Reached skill level 10 in Stealth
  5436 | D:5      | Reached XP level 8. HP: 27/46 MP: 8/8
  5822 | D:5      | Found an ancient bone altar of Kikubaaqudgha.
  5835 | D:5      | Reached ** piety under Dithmenos
  6035 | D:5      | Noticed Eustachio
  6052 | D:5      | Killed Eustachio
  6052 | D:5      | Reached skill level 11 in Stealth
  6086 | D:5      | Got a twisted hand axe
  6102 | D:5      | Reached XP level 9. HP: 52/52 MP: 9/9
  6177 | D:5      | Found a hide-covered altar of Uskayaw.
  6235 | D:5      | Identified the cursed +0 hand axe "Xyast" {freeze, MR+ Int-4 Dex+3 Stlth+} (You found it on level 5 of the Dungeon)
  6315 | D:6      | Noticed Edmund
  6331 | D:6      | Killed Edmund
  6374 | D:6      | Found a staircase to the Ecumenical Temple.
  6408 | Temple   | Entered the Ecumenical Temple
  6541 | D:6      | Reached skill level 5 in Fighting
  6541 | D:6      | Reached skill level 12 in Stealth
  6814 | D:6      | Found a deep blue altar of Sif Muna.
  7044 | D:6      | Noticed Menkaure
  7098 | D:6      | Killed Menkaure
  7404 | D:7      | Reached XP level 10. HP: 60/60 MP: 10/10
  7431 | D:7      | Reached *** piety under Dithmenos
  7449 | D:7      | Reached skill level 13 in Stealth
  7557 | D:7      | Found a shimmering altar of Xom.
  7558 | D:7      | Found a snail-covered altar of Cheibriados.
  7623 | D:7      | Identified a scroll of acquirement
  8491 | D:9      | Found a shattered altar of Ashenzari.
  8608 | D:9      | Reached skill level 1 in Spellcasting
  8612 | D:9      | Noticed a two-headed ogre
  8642 | D:9      | Killed a two-headed ogre
  8652 | D:9      | Found a staircase to the Lair.
  9066 | D:9      | You fall through a shaft for 3 floors!
  9156 | D:12     | Reached skill level 14 in Stealth
  9267 | D:12     | Found a frozen archway.
  9395 | IceCv    | Entered an ice cave
  9418 | IceCv    | Learned a level 1 spell: Apportation
  9421 | IceCv    | Learned a level 2 spell: Ensorcelled Hibernation
  9433 | IceCv    | Reached **** piety under Dithmenos
  9433 | IceCv    | Reached XP level 11. HP: 47/66 MP: 13/15
  9560 | IceCv    | Reached skill level 1 in Hexes
  9560 | IceCv    | Reached skill level 1 in Translocations
  9772 | IceCv    | Reached skill level 10 in Short Blades
  9987 | IceCv    | Reached skill level 15 in Stealth
 10295 | IceCv    | Noticed a death yak
 10373 | IceCv    | Killed a death yak
 10524 | IceCv    | Reached XP level 12. HP: 73/73 MP: 18/18
 10559 | IceCv    | Learned a level 3 spell: Confuse
 10618 | IceCv    | Noticed a frost giant
 11016 | IceCv    | Killed from afar by a frost giant

Skill      XL: |  1  2  3  4  5  6  7  8  9 10 11 12 |
---------------+-------------------------------------+-----
Short Blades   | 3 4 5 6 8 9 10 | 10.6
Stealth        | 6 7 8 10 11 12 14 15 | 15.7
Dodging        | 2 3 5 7 8 9 |  9.4
Fighting       | 3 4 5 6 7 8 |  8.1
Spellcasting   | 2 4 |  4.5
Hexes          | 3 |  3.6
Translocations | 2 |  2.5
Throwing       | |  2.1

Action                   |  1- 3 |  4- 6 |  7- 9 | 10-12 || total
-------------------------+-------+-------+-------+-------++-------
Melee: Dagger            |   120 |   143 |   286 |   363 ||   912
       Quick blade       |       |       |       |    92 ||    92
       Rapier            |       |       |       |   102 ||   102
 Fire: Blowgun           |       |    32 |     2 |     5 ||    39
Throw: Throwing net      |       |       |       |    12 ||    12
 Cast: Ensorcelled Hiber |       |       |       |    10 ||    10
       Confuse           |       |       |       |     7 ||     7
 Abil: Evoke Berserk Rag |       |       |     3 |     2 ||     5
Evoke: Wand              |       |       |       |    32 ||    32
  Use: Scroll            |       |     5 |    12 |    10 ||    27
       Potion            |       |       |     2 |     9 ||    11
 Stab: Sleeping          |    13 |    16 |    28 |    17 ||    74
       Distracted        |       |       |     2 |     4 ||     6
       Held in net/web   |       |       |       |     8 ||     8
       Paralysed         |       |       |       |    10 ||    10
  Eat: Chunk             |    11 |     9 |    12 |    12 ||    44
Armor: Robe              |    11 |    16 |       |       ||    27
       Troll leather arm |       |       |    24 |    31 ||    55
       Skin              |       |       |       |    25 ||    25
Dodge: Dodged            |    58 |    64 |   183 |   343 ||   648
